Map: Cyber Forest LE

Players

RexRequired - Winner!

  • Race: Terran Terran
  • Spawn Location: 11:00

FOX

  • Race: Terran Terran
  • Spawn Location: 5:00

VOD

Have the link to the VOD?

Description

Time

  • Played on: June 6, 2019, 3:33 p.m.
  • Length: 12:13
Show
View Real Time Build Order
Export as new Build Order

RexRequired Terran - Winner!

Build Orders:  

Get SALT Encoding   

  12  0:00  SCV  
  13  0:12  SCV  
  14  0:17  Supply Depot  
  14  0:25  SCV  
  15  0:29  Refinery  
  15  0:38  SCV  
  16  0:44  Barracks  
  16  0:50  SCV  
  16  0:54  Refinery  
  17  1:03  SCV  
  18  1:15  SCV  
  19  1:31  Orbital Command  
  19  1:32  Reaper  
  20  1:39  Factory  
  20  1:50  Supply Depot  
  20  1:57  SCV  
  21  2:04  Reaper  
  22  2:09  SCV  
  23  2:21  SCV  
  26  2:23  Hellion  
  26  2:35  SCV  
  27  2:37  Command Center  
  27  2:38  Barracks Reactor  
  27  2:45  Widow Mine  
  27  2:48  SCV  
  30  2:54  Starport  
  30  3:00  Supply Depot  
  30  3:01  SCV  
  31  3:07  Factory Tech Lab  
  31  3:21  Marine x2  
  31  3:22  SCV  
  31  3:26  Cyclone  
  37  3:30  Starport Tech Lab  
  38  3:34  SCV  
  38  3:39  Marine  
  39  3:49  SCV, Marine, Orbital Command  
  39  3:51  Raven  
  39  3:53  Refinery  
  43  4:01  Cyclone  
  47  4:02  SCV  
  47  4:07  Supply Depot  
  47  4:10  Marine  
  47  4:11  Marine  
  47  4:15  SCV  
  47  4:16  SCV  
  51  4:26  Supply Depot  
  51  4:27  SCV  
  51  4:28  SCV  
  51  4:29  Marine x2  
  55  4:35  Raven  
  57  4:39  SCV  
  57  4:40  SCV  
  59  4:46  Siege Tank  
  59  4:52  SCV x2  
  66  4:55  Supply Depot  
  66  5:04  SCV x2  
  66  5:08  Command Center  
  66  5:16  SCV x2  
  70  5:21  Supply Depot  
  70  5:23  Siege Tank  
  71  5:28  SCV x2  
  71  5:35  Supply Depot  
  73  5:36  Viking x2  
  73  5:39  Stimpack  
  73  5:41  SCV  
  78  5:43  SCV  
  78  5:44  Refinery  
  79  5:51  Marine  
  79  5:53  SCV  
  79  5:55  SCV, Siege Tank  
  85  6:00  Supply Depot  
  85  6:06  SCV  
  85  6:07  SCV  
  85  6:08  Viking x2  
  91  6:15  Marine  
  91  6:18  SCV  
  93  6:19  SCV  
  93  6:22  Orbital Command  
  94  6:27  Siege Tank  
  94  6:30  SCV  
  94  6:31  SCV  
  99  6:32  Barracks  
  99  6:33  Barracks  
  99  6:34  Marine  
  100  6:41  Supply Depot x2  
  100  6:42  SCV  
  100  6:43  SCV  
  100  6:44  Viking  
  100  6:46  Viking  
  106  6:52  Orbital Command  
  106  6:54  SCV  
  106  6:55  SCV  
  106  7:01  Marine  
  109  7:03  Siege Tank  
  109  7:06  SCV  
  109  7:07  Supply Depot  
  109  7:08  SCV, Supply Depot  
  114  7:11  Engineering Bay  
  114  7:12  Engineering Bay  
  114  7:13  Refinery  
  114  7:17  Supply Depot, Refinery  
  114  7:21  Viking x2  
  118  7:32  Barracks Reactor x2  
  118  7:33  Marine  
  118  7:34  SCV  
  118  7:35  SCV x2, Siege Tank  
  125  7:41  Combat Shield  
  125  7:43  Terran Infantry Weapons Level 1, Terran Infantry Armor Level 1  
  125  7:49  Barracks, SCV  
  125  7:50  SCV  
  125  7:51  Barracks  
  127  7:56  Marine  
  127  7:57  Medivac x2  
  127  7:58  SCV  
  133  8:01  SCV  
  133  8:02  Supply Depot x2  
  134  8:09  Marine x4, Sensor Tower  
  134  8:10  Siege Tank  
  141  8:14  Marine  
  141  8:16  SCV x2  
  141  8:17  SCV  
  145  8:27  Marine x4  
  145  8:31  Marine  
  147  8:43  Siege Tank  
  147  8:44  Marine  
  147  8:45  Marine x3  
  147  8:48  Barracks Reactor x2  
  151  8:49  Marine  
  151  8:51  Armory  
  152  8:57  Supply Depot  
  152  8:59  Supply Depot  
  152  9:01  Command Center  
  152  9:02  Marine x3  
  149  9:03  Marine  
  149  9:07  Marine  
  146  9:11  Viking x2  
  146  9:15  Siege Tank  
  131  9:20  Marine x4  
  129  9:25  Marine  
  129  9:29  Marine x2  
  129  9:30  Marine x2  
  134  9:34  Barracks x2  
  134  9:35  Barracks  
  134  9:39  Factory  
  134  9:45  Medivac x2  
  138  9:47  Siege Tank  
  138  9:49  Marine x2  
  138  9:50  Marine x6  
  149  9:53  Terran Infantry Weapons Level 2  
  149  9:54  Terran Infantry Armor Level 2  
  149  9:56  SCV  
  149  9:58  SCV  
  149  9:59  SCV  
  152  10:10  SCV x2  
  152  10:13  Supply Depot  
  152  10:14  Terran Vehicle Weapons Level 1  
  154  10:19  Marine x7, Siege Tank  
  154  10:20  Marine  
  154  10:21  Liberator x2  
  165  10:23  Factory Tech Lab  
  165  10:26  Barracks Reactor x3  
  165  10:29  Planetary Fortress  
  165  10:31  Refinery  
  165  10:40  Marine x3  
  174  10:45  Refinery  
  174  10:47  Marine x3  
  174  10:48  Marine, Sensor Tower  
  174  10:49  Marine  
  177  10:55  Armory  
  175  10:57  Marine x2  
  175  10:58  Marine x2  
  179  11:05  Marine  
  179  11:10  Missile Turret x2  
  180  11:13  Missile Turret  
  180  11:19  Missile Turret  
  180  11:20  Marine  
  180  11:21  Missile Turret x2, Marine  
  180  11:22  Marine  
  180  11:23  Siege Tank  
  186  11:27  Missile Turret  
  175  11:38  Marine x7  
  175  11:39  Marine x7  
  178  11:53  Marine  
Show
View Real Time Build Order
Export as new Build Order

FOX Terran 

Build Orders:  

Get SALT Encoding   

  12  0:00  SCV  
  13  0:13  SCV  
  14  0:17  Supply Depot  
  14  0:25  SCV  
  14  0:27  Refinery  
  15  0:38  SCV  
  16  0:44  Barracks  
  16  0:50  SCV  
  16  0:55  Refinery  
  17  1:02  SCV  
  18  1:15  SCV  
  19  1:31  Orbital Command  
  19  1:32  Reaper  
  20  1:40  Factory  
  20  1:54  Supply Depot  
  20  1:57  SCV  
  21  2:04  Reaper  
  22  2:09  SCV  
  23  2:24  Hellion  
  25  2:38  Reaper  
  25  2:41  Command Center  
  26  2:46  Hellion  
  26  2:47  SCV  
  29  3:02  SCV  
  29  3:03  Starport  
  30  3:12  Factory Tech Lab, Barracks Tech Lab  
  30  3:15  SCV  
  30  3:19  Supply Depot  
  31  3:36  Barracks Reactor  
  31  3:40  SCV, Cyclone  
  35  3:47  Raven, Refinery  
  37  3:53  SCV, Orbital Command  
  38  4:05  SCV  
  39  4:13  Marine x2  
  39  4:14  Cyclone  
  45  4:17  SCV  
  45  4:19  Supply Depot  
  45  4:21  SCV  
  46  4:29  SCV  
  46  4:30  Raven  
  46  4:31  Marine x2  
  50  4:34  SCV  
  52  4:41  SCV  
  53  4:46  SCV  
  53  4:48  Command Center  
  53  4:52  Marine x2  
  54  4:59  SCV  
  58  5:00  SCV  
  58  5:05  Supply Depot  
  58  5:06  Siege Tank  
  61  5:15  SCV  
  61  5:20  Stimpack  
  62  5:27  SCV, Viking x2  
  62  5:28  SCV  
  68  5:32  Supply Depot  
  68  5:34  Marine  
  69  5:39  SCV  
  70  5:49  Barracks  
  70  5:51  Barracks  
  70  5:53  Engineering Bay, SCV, Siege Tank  
  74  5:57  Engineering Bay  
  74  5:59  SCV  
  74  6:01  Orbital Command  
  75  6:07  Marine  
  76  6:12  Viking x2  
  76  6:17  Refinery  
  81  6:18  SCV x2  
  81  6:19  Orbital Command  
  82  6:30  SCV x2, Marine  
  82  6:31  Siege Tank  
  88  6:35  Terran Infantry Weapons Level 1, Terran Infantry Armor Level 1  
  88  6:42  SCV  
  88  6:43  SCV, Barracks Reactor x2  
  90  6:50  SCV  
  90  6:52  Barracks  
  90  6:53  Barracks  
  91  6:55  Viking  
  93  7:07  Supply Depot  
  93  7:09  Supply Depot  
  93  7:16  Marine  
  93  7:17  SCV x3, Viking  
  93  7:19  Marine  
  93  7:20  Combat Shield  
  100  7:27  Marine  
  100  7:29  SCV x3, Marine, Siege Tank  
  108  7:30  Supply Depot  
  108  7:35  Armory  
  108  7:37  Supply Depot  
  108  7:41  SCV x3, Barracks Reactor x2  
  108  7:42  Marine x2  
  108  7:43  Marine  
  114  7:45  Marine  
  114  7:47  Marine  
  114  7:48  Refinery  
  114  7:50  Refinery  
  116  7:53  SCV x2  
  118  8:00  Marine x2  
  118  8:01  Sensor Tower  
  118  8:03  Medivac x2  
  124  8:05  SCV  
  124  8:06  SCV  
  124  8:07  SCV  
  127  8:14  Supply Depot  
  127  8:17  Supply Depot, Marine x4  
  127  8:19  Marine  
  131  8:25  Marine x2  
  133  8:32  Marine x2  
  129  8:35  Marine x4  
  129  8:37  Marine  
  128  8:43  Marine x2, Siege Tank  
  131  8:49  Marine x2  
  131  8:53  Marine x4  
  131  8:55  Marine  
  136  9:01  Marine x2  
  138  9:07  Marine x2  
  128  9:11  Marine x4  
  128  9:12  Marine  
  128  9:15  Siege Tank  
  129  9:19  Marine x2  
  131  9:25  Marine x2  
  131  9:26  Terran Infantry Weapons Level 2, Terran Infantry Armor Level 2  
  131  9:28  Supply Depot, Marine  
  131  9:29  Marine x3  
  131  9:30  Supply Depot, Marine  
  138  9:37  Marine x2  
  140  9:43  Marine x2  
  140  9:44  Viking  
  140  9:45  Viking  
  146  9:46  Marine  
  146  9:49  Starport  
  146  9:50  Starport, Siege Tank  
  146  9:52  Terran Vehicle Weapons Level 1  
  150  10:00  Marine x6  
  150  10:06  Marine x3  
  157  10:18  Marine x6  
  163  10:24  Viking  
  165  10:30  Supply Depot x2  
  165  10:31  Supply Depot x2  
  165  10:40  Supply Depot x2  
  165  10:50  Starport Reactor  
  165  10:51  Marine x9, Viking  
  165  10:52  Supply Depot  
  165  10:53  Supply Depot  
  165  10:56  Starport Reactor  
  174  11:02  Viking, Siege Tank  
  179  11:09  Marine x6  
  185  11:15  Command Center  
  184  11:19  Marine x3  
  185  11:27  Marine x2, Refinery x2  
  185  11:29  Marine x2  
  185  11:30  Marine x2  
  172  11:37  Marine x3  
  147  11:44  Marine x2  
  151  11:47  Marine x2  
Tags
 
Matchup
TvT
Race
Terran
Spawn Locations
Cross Positions
Add a new tag
Caveats
  • Supply blocks, unpowered buildings, or Contaminate may cause inaccurate times.
  • Supply counts are checked every 10 seconds.